 Dungeon Crawl Stone Soup version 0.26-a0-667-g92642533e4 (webtiles) character file.

Game seed: 10804617581221871022

56 jasper the Conjurer (level 3, 0/16 HPs)
             Began as a Vine Stalker Wanderer on Oct 17, 2020.
             Succumbed to an adder's poison
             ... on level 2 of the Dungeon.
             The game lasted 00:02:14 (2075 turns).

jasper the Conjurer (Vine Stalker Wanderer)         Turns: 2075, Time: 00:02:15

Health: 0/16       AC:  2    Str: 16    XL:     3   Next: 97%
Magic:  3/8        EV: 11    Int: 12    God:
Gold:   61         SH:  0    Dex: 12    Spells: 3/8 levels left

rFire    . . .     SeeInvis .   b - +0 dagger (freeze)
rCold    . . .     Faith    .   (no shield)
rNeg     . . .     Spirit   +   d - +0 robe
rPois    .         Reflect  .   (no helmet)
rElec    .         Harm     .   (no cloak)
rCorr    .         Rampage  .   (no gloves)
MR       .....                  (no boots)
Stlth    +.........             (no amulet)
HPRegen  0.05/turn              (no ring)
MPRegen  0.11/turn              (no ring)

@: lethally poisoned (0 -> -3)
A: fangs 2, magic shield, antimagic bite, no potion heal 3, rot immunity
a: no special abilities


You were on level 2 of the Dungeon.
You visited 1 branch of the dungeon, and saw 2 of its levels.

You collected 61 gold pieces.

Inventory:

Hand Weapons
 a - a +0 club
 b - a +0 dagger of freezing (weapon)
Armour
 d - a +0 robe (worn)
Jewellery
 e - an uncursed amulet of guardian spirit {unknown}
Wands
 c - a wand of random effects (15)
 f - a wand of polymorph (9)
Scrolls
 g - 3 scrolls of magic mapping {unknown}


   Skills:
   Level 1.0 Shields
 + Level 3.0 Spellcasting
 * Level 4.2 Conjurations
 - Level 1.0 Hexes
   Level 1.0 Summonings
   Level 1.0 Transmutations
 - Level 1.0 Evocations


You had 3 spell levels left.
You knew the following spells:

 Your Spells              Type           Power        Failure   Level
a - Magic Dart            Conj           ##..         4%          1
b - Blink                 Tloc           N/A          36%         2
c - Slow                  Hex            #.......     24%         2

Your spell library contained the following spells:

 Spells                   Type           Power        Failure   Level
 Sting                    Tmut/Pois      #...         21%         1
 Call Imp                 Summ           #.......     24%         2
 Conjure Flame            Conj/Fire      #.......     30%         3
 Mephitic Cloud           Conj/Pois/Air  #.......     38%         3


Dungeon Overview and Level Annotations

Branches:
Dungeon (2/15)

Altars:
Fedhas


Innate Abilities, Weirdness & Mutations

You have extremely sharp teeth.
When hurt, damage is shared between your health and your magic reserves.
Your bite disrupts and absorbs the magic of your enemies.
Potions cannot restore your health.
You are immune to rotting.


Message History

You feel sick.
You take 1 damage, and have 4/16 hp.
There is a lethal amount of poison in your body!
You aren't carrying any potions.
* * * LOW HITPOINT WARNING * * *
You feel sick.
You take 1 damage, and have 3/16 hp.
* * * LOW HITPOINT WARNING * * *
You feel sick.
You take 1 damage, and have 2/16 hp.
Found a scroll labeled UCLEZE PITWE.
Found a scroll labeled OSASIG TIDAEH IGE.
* * * LOW HITPOINT WARNING * * *
You feel sick.
You take 1 damage, and have 1/16 hp.
* * * LOW HITPOINT WARNING * * *
You feel sick.
You take 1 damage, and have 1/16 hp.
You see here a scroll labeled OSASIG TIDAEH IGE.
You die...

#.# #.# #..{. #.# #.#
#{.{{ #.# #.# ###..
.#####.###.# ###
#..)........### #
#######..(....# #
#######.# #
########## #.# #
.......@.# ##.#
########?########.#.#
#.........###..
##.....###.# ###
#?.........#
#.....###### ##...##
.....# ####.##


There were no monsters in sight!

Vanquished Creatures
  An adder (D:2)
  A gnoll (D:1)
  An ufetubus (D:2)
  2 dart slugs (D:1)
  A leopard gecko (D:1)
  4 bats (D:1)
  2 giant cockroaches
  2 goblins (D:1)
  3 hobgoblins (D:1)
  A quokka (D:2)
  A ball python (D:1)
  A frilled lizard (D:1)
  2 kobolds
  9 rats
31 creatures vanquished.

Notes
Turn   | Place    | Note
-------+----------+-------------------------------------------
     0 | D:1      | jasper the Vine Stalker Wanderer began the quest for the
                  | Orb.
     0 | D:1      | jasper set off with the following items: a +0 club, a wand
                  | of random effects (15), a +0 robe; and the following spells
                  | available to memorise: Magic Dart, Sting, Call Imp, Slow,
                  | Blink, Conjure Flame, Mephitic Cloud
     0 | D:1      | Reached XP level 1. HP: 9/9 MP: 4/4
     2 | D:1      | Learned a level 1 spell: Magic Dart
   272 | D:1      | Reached XP level 2. HP: 8/13 MP: 3/6
   382 | D:1      | Learned a level 2 spell: Blink
   392 | D:1      | Learned a level 2 spell: Slow
   889 | D:1      | Reached XP level 3. HP: 6/16 MP: 0/8
  1323 | D:1      | Reached skill level 4 in Conjurations
  1699 | D:2      | Found a blossoming altar of Fedhas.
  2075 | D:2      | Succumbed to an adder's poison

Illustrated notes

Levels and vault maps discovered:
D:1:      saegor_arrival_simple_c, layout_basic
D:2:      layout_loops_ring, lemuel_round_altar, fedhas_altar_2

Skill      XL: |  1  2  3 |
---------------+----------+-----
Conjurations   | 4 |  4.2
Spellcasting   | 3 |  3.0
Shields        | |  1.0
Hexes          | |  1.0
Summonings     | |  1.0
Transmutations | |  1.0
Evocations     | |  1.0

Action                   || total
-------------------------++-------
Melee: Dagger            ||    55
       Club              ||     7
       Bite              ||    14
 Cast: Magic Dart        ||    47
 Stab: Sleeping          ||     1
Armor: Robe              ||    18
Dodge: Dodged            ||    63

Table legend: (Time is in decaauts)
 A = Elapsed time spent in this place.
 B = Non-inter-level travel time spent in this place.
 C = Inter-level travel time spent in this place.
 D = Time resting spent in this place.
 E = Time spent auto-exploring this place.
 F = Levels seen in this place.
 G = Mean time per level.
                   A        B        C        D        E       F      G
               +--------+--------+--------+--------+--------+-----+--------+
         Total |   2077 |   2069 |      8 |     99 |   1763 |   2 | 1038.5 |
       Dungeon |   2077 |   2069 |      8 |     99 |   1763 |   2 | 1038.5 |
               +--------+--------+--------+--------+--------+-----+--------+

Top non-repeatable levels by time:
     D:1: 1549 daAuts
     D:2: 527 daAuts
